Map: Jagannatha LE

Players

IIIIIIIIIIII

  • Race: Zerg Zerg
  • League: Master
  • Spawn Location: 7:00

LanaDelRey - Winner!

  • Race: Protoss Protoss
  • League: Master
  • Spawn Location: 1:00

VOD

Have the link to the VOD?

Description

Time

  • Played on: March 25, 2021, 6:37 p.m.
  • Length: 12:24
Show
View Real Time Build Order
Export as new Build Order

IIIIIIIIIIII Zerg 

Build Orders: Hatch First 

Get SALT Encoding   

  12  0:00  Drone  
  13  0:14  Overlord  
  13  0:17  Drone  
  14  0:33  Drone  
  14  0:34  Drone  
  16  0:39  Drone  
  17  0:54  Hatchery  
  16  0:58  Drone  
  17  1:06  Drone  
  18  1:17  Spawning Pool  
  17  1:20  Drone  
  18  1:39  Drone x2, Extractor  
  19  1:47  Drone  
  20  1:56  Drone  
  21  2:06  Queen  
  21  2:07  Queen  
  25  2:16  Hatchery  
  25  2:19  Drone  
  25  2:22  Drone  
  26  2:28  Overlord  
  26  2:34  Drone  
  26  2:35  Zergling x2  
  28  2:42  Metabolic Boost  
  28  2:46  Drone x2  
  30  2:53  Drone x2  
  32  3:05  Queen  
  32  3:06  Overlord  
  34  3:14  Drone x2  
  36  3:20  Overlord  
  36  3:26  Drone x6  
  42  3:32  Queen  
  44  3:37  Overlord  
  44  3:43  Queen  
  44  3:48  Drone x2  
  48  3:50  Drone x2  
  50  3:59  Queen  
  52  4:03  Drone x3  
  52  4:04  Spore Crawler  
  54  4:10  Queen  
  54  4:12  Drone x2  
  54  4:14  Overlord  
  58  4:28  Roach Warren  
  57  4:32  Drone x3  
  57  4:33  Overlord, Drone  
  61  4:42  Overlord  
  61  4:43  Overlord  
  60  4:47  Zergling x2  
  60  4:49  Queen  
  60  4:52  Zergling x16  
  71  4:57  Drone  
  71  4:58  Lair  
  72  5:06  Drone  
  72  5:07  Drone x2, Extractor  
  74  5:18  Drone x2  
  76  5:23  Extractor  
  76  5:24  Drone x13  
  88  5:36  Queen  
  88  5:40  Extractor  
  88  5:41  Drone  
  88  5:42  Overlord, Extractor  
  89  5:43  Overlord  
  89  5:59  Overlord x2  
  89  6:00  Overlord  
  89  6:05  Hatchery  
  87  6:21  Queen x2  
  83  6:40  Spire  
  73  6:58  Queen x3  
  75  7:07  Spore Crawler  
  67  7:16  Drone x2  
  67  7:19  Drone x4  
  67  7:20  Drone  
  54  7:43  Overlord x2  
  54  7:44  Overlord  
  48  7:52  Corruptor x16  
  84  7:58  Drone x7  
  84  8:00  Extractor  
  86  8:10  Drone x4  
  90  8:17  Roach x5  
  90  8:18  Roach x5  
  110  8:20  Glial Reconstitution  
  109  8:31  Extractor  
  109  8:33  Drone x5  
  109  8:34  Drone, Extractor  
  114  8:40  Drone x2  
  114  8:41  Drone  
  116  8:44  Zerg Flyer Armor Level 1  
  116  8:50  Drone x4  
  120  8:56  Corruptor  
  120  8:59  Corruptor  
  124  9:10  Corruptor x2  
  124  9:12  Corruptor  
  124  9:16  Corruptor  
  132  9:28  Overlord x2  
  132  9:29  Corruptor  
  132  9:30  Corruptor  
  136  9:34  Corruptor  
  138  9:44  Corruptor x2  
  142  9:46  Corruptor  
  143  10:03  Overlord x4  
  143  10:04  Overlord  
  143  10:06  Corruptor x2  
  143  10:10  Corruptor  
  149  10:21  Corruptor  
  149  10:22  Corruptor x2  
  149  10:26  Corruptor  
  157  10:30  Corruptor  
  159  10:38  Corruptor x2  
  159  10:42  Corruptor  
  165  10:53  Roach x6  
  165  10:55  Roach  
  165  10:56  Roach  
  181  10:58  Roach  
  181  11:00  Roach  
  185  11:09  Roach x5  
  197  11:11  Roach  
  197  11:12  Roach  
  199  11:21  Overseer x4  
Show
View Real Time Build Order
Export as new Build Order

LanaDelRey Protoss - Winner!

Build Orders: 1 Gate Expand, Carriers, Carrier Rush 

Get SALT Encoding   

  12  0:00  Probe  
  13  0:12  Probe  
  14  0:19  Pylon  
  14  0:24  Probe  
  15  0:38  Probe (Chrono Boost)  
  15  0:41  Gateway  
  16  0:46  Probe (Chrono Boost)  
  16  0:48  Assimilator  
  17  0:52  Probe  
  18  1:04  Probe  
  19  1:16  Probe  
  20  1:24  Nexus  
  20  1:35  Cybernetics Core  
  20  1:37  Probe  
  21  1:45  Assimilator  
  21  1:49  Probe  
  22  1:54  Pylon  
  23  2:01  Probe  
  23  2:09  Adept (Chrono Boost)  
  23  2:12  Warp Gate  
  23  2:14  Probe (Chrono Boost)  
  26  2:24  Probe (Chrono Boost)  
  26  2:27  Gateway  
  26  2:29  Probe (Chrono Boost)  
  27  2:36  Stargate  
  28  2:39  Probe  
  29  2:45  Adept  
  29  2:49  Probe  
  32  2:53  Probe  
  33  3:00  Pylon  
  33  3:03  Probe  
  34  3:09  Assimilator  
  34  3:10  Probe, Void Ray (Chrono Boost)  
  34  3:12  Assimilator  
  39  3:21  Probe  
  39  3:23  Probe  
  41  3:33  Probe  
  42  3:35  Probe  
  43  3:45  Probe  
  43  3:47  Probe  
  45  3:54  Fleet Beacon  
  45  3:55  Stargate  
  45  3:58  Probe  
  45  3:59  Probe  
  47  4:08  Pylon  
  47  4:10  Probe  
  47  4:14  Pylon  
  48  4:34  Carrier (Chrono Boost)  
  48  4:35  Carrier (Chrono Boost)  
  54  4:43  Probe x2  
  62  4:55  Probe  
  62  4:56  Adept  
  65  5:00  Protoss Air Weapons Level 1 (Chrono Boost)  
  65  5:06  Pylon  
  65  5:09  Nexus  
  65  5:14  Twilight Council  
  65  5:20  Pylon  
  65  5:30  Carrier  
  71  5:40  Probe x2  
  73  5:45  Shield Battery, Assimilator  
  73  5:50  Assimilator  
  73  5:52  Probe  
  73  5:53  Templar Archives  
  74  6:04  Carrier  
  80  6:19  Probe x2  
  80  6:21  Psionic Storm  
  80  6:23  Probe  
  83  6:31  Probe  
  80  6:33  Probe  
  81  6:40  Probe  
  81  6:43  Probe  
  81  6:45  Probe  
  84  6:48  High Templar  
  86  6:55  Void Ray  
  86  6:59  Probe x2  
  86  7:07  Probe  
  87  7:11  High Templar  
  87  7:13  Forge  
  87  7:15  Gateway  
  89  7:17  Gateway  
  89  7:30  Void Ray (Chrono Boost)  
  89  7:32  Void Ray (Chrono Boost)  
  89  7:34  Probe x2  
  95  7:41  Probe  
  100  7:46  Probe  
  101  7:54  Pylon  
  101  7:56  Pylon  
  101  8:12  Probe x2, Carrier (Chrono Boost)  
  109  8:14  Carrier (Chrono Boost)  
  109  8:16  Nexus  
  109  8:18  Probe  
  109  8:19  Pylon  
  116  8:24  Probe x2  
  117  8:27  Shield Battery  
  117  8:28  Shield Battery  
  117  8:29  Photon Cannon  
  117  8:35  Pylon  
  117  8:37  Probe x2  
  119  8:42  Shield Battery x2  
  119  8:44  Shield Battery  
  119  8:46  High Templar x2  
  119  8:47  Photon Cannon  
  119  8:48  Photon Cannon  
  123  8:50  Photon Cannon x2  
  123  8:52  Shield Battery, Photon Cannon  
  123  9:01  Pylon  
  124  9:02  Probe  
  124  9:03  Probe x2, Void Ray, Protoss Air Weapons Level 2 (Chrono Boost)  
  124  9:06  Pylon  
  130  9:11  Gateway  
  130  9:13  Pylon  
  130  9:22  Carrier  
  136  9:28  Stargate  
  136  9:30  Protoss Ground Weapons Level 1 (Chrono Boost)  
  136  9:36  Assimilator  
  136  9:38  Charge (Chrono Boost), Assimilator  
  136  9:39  Probe x3  
  136  9:42  High Templar x2  
  143  9:47  Archon  
  143  9:51  Void Ray (Chrono Boost)  
  143  9:54  Probe  
  143  9:58  Robotics Facility  
  148  10:02  Shield Battery  
  148  10:06  Shield Battery, Probe  
  149  10:08  Photon Cannon  
  149  10:11  Photon Cannon  
  149  10:15  Probe x2  
  149  10:20  Pylon  
  157  10:22  Pylon  
  157  10:27  Carrier x2 (Chrono Boost)  
  157  10:28  Gateway  
  157  10:31  Void Ray (Chrono Boost), Gateway  
  157  10:33  Flux Vanes  
  167  10:44  Photon Cannon  
  167  10:46  Observer  
  168  10:51  Zealot  
  168  10:52  Zealot x4  
  178  10:58  Pylon  
  178  11:03  Pylon  
  178  11:10  Pylon, Nexus  
  178  11:16  Immortal (Chrono Boost)  
  182  11:23  Shield Battery x2  
  182  11:25  Shield Battery  
  182  11:28  Photon Cannon  
  184  11:44  Shield Battery  
  178  11:47  Shield Battery  
  178  11:48  Shield Battery  
  178  11:49  High Templar x2  
  186  12:01  Archon  
Tags
 
Add a new tag
Caveats
  • Supply blocks, unpowered buildings, or Contaminate may cause inaccurate times.
  • Supply counts are checked every 10 seconds.